 Dungeon Crawl Stone Soup version 0.27-a0-385-g3208abaabc (webtiles) character file.

Game seed: 13469318516959721197

111 pistachioham the Chopper (level 4, -1/39 HPs)
             Began as a Hill Orc Fighter on Feb 18, 2021.
             Slain by an ogre
             ... wielding a +0 giant club
              (23 damage)
             ... on level 4 of the Dungeon.
             The game lasted 00:04:55 (2717 turns).

pistachioham the Chopper (Hill Orc Fighter)         Turns: 2717, Time: 00:04:56

Health: -1/39      AC:  6    Str: 19    XL:     4   Next: 92%
Magic:  4/4        EV:  7    Int:  8    God:
Gold:   206        SH:  9    Dex: 10    Spells: 3/3 levels left

rFire    . . .     SeeInvis .   a - +0 war axe
rCold    . . .     Faith    .   c - +0 kite shield
rNeg     . . .     Spirit   .   b - +0 scale mail
rPois    .         Reflect  .   q - +0 hat
rElec    .         Harm     .   (no cloak)
rCorr    .         Rampage  .   (no gloves)
Will     .....                  (no boots)
Stlth    ..........             (no amulet)
HPRegen  0.13/turn              (no ring)
MPRegen  0.09/turn              (no ring)

@: no status effects
A: no striking features
a: no special abilities


You were on level 4 of the Dungeon.
You visited 1 branch of the dungeon, and saw 4 of its levels.

You collected 206 gold pieces.

Inventory:

Hand Weapons
 a - a +0 war axe (weapon)
Armour
 b - a +0 scale mail (worn)
 c - a +0 kite shield (worn)
 q - a +0 hat (worn)
Scrolls
 e - 2 scrolls of teleportation {unknown}
 f - a scroll of noise {unknown}
 k - a scroll of immolation {unknown}
 l - a scroll of blinking {unknown}
 m - 2 scrolls of identify {unknown}
 n - a scroll of amnesia {unknown}
 o - 2 scrolls of magic mapping {unknown}
Potions
 d - 2 potions of might
 g - a potion of brilliance {unknown}
 h - a potion of heal wounds
 i - 2 potions of curing {unknown}
 j - a potion of flight {unknown}
 p - a potion of attraction {unknown}


   Skills:
 - Level 3.6 Fighting
 + Level 6.5 Axes
 - Level 3.2 Armour
 - Level 3.2 Shields


You had 3 spell levels left.
You didn't know any spells.
Your spell library was empty.

Dungeon Overview and Level Annotations

Branches:
Dungeon (4/15)             Temple (0/1) D:4

Altars:


Message History

No target in view!
No target in view!
An orc comes into view. It is wielding a +0 mace.
The orc shouts!
An orc comes into view. It is wielding a +0 flail.
You see here a +0 flail.
There are monsters nearby!
Your shield and scale mail prevent you from hitting the orc.
An ogre comes into view. It is wielding a +0 giant club.
You block the orc's attack.
The ogre moves out of view.
You slash the orc!
You kill the orc!
You closely miss the orc. The orc hits you with a +0 flail.
You closely miss the orc. The orc barely misses you.
You closely miss the orc. The orc hits you with a +0 flail.
You block the orc's attack.
You hit the orc.
The orc is almost dead.
The orc hits you with a +0 flail.
You slash the orc!
You kill the orc!
No target in view!
No target in view!
An ogre is nearby!
An ogre is nearby!
You start resting.
HP restored.
Things that are here:
a +0 flail; a +0 mace
Found a stone staircase leading down.
Found 22 stones.
Found a staircase to the Ecumenical Temple.
Found a scroll labelled KUOLAYGAGA.
You completely miss the ogre. You block the ogre's attack.
The ogre hits you with a +0 giant club!
You hit the ogre.
The ogre is lightly wounded.
The ogre hits you with a +0 giant club!!
Ouch! That really hurt!
You die...

##.....>.......
#..........###
#.............
#####.....###.
##...#..#
#....##.#
#.##.##.##
#.#.......
#.@O.(....
###..⌠...⌠
....... ....>..
....... ..⌠...⌠
....... ......?


You could see an ogre.

Vanquished Creatures
  5 adders
  3 dart slugs
  A leopard gecko (D:2)
  3 orcs (D:4)
  3 ball pythons
  A giant cockroach (D:1)
  10 goblins
  5 hobgoblins
  2 jackals (D:2)
  A quokka (D:2)
  9 bats
  3 frilled lizards
  7 kobolds
  7 rats
60 creatures vanquished.

Notes
Turn   | Place    | Note
-------+----------+-------------------------------------------
     0 | D:1      | pistachioham the Hill Orc Fighter began the quest for the
                  | Orb.
     0 | D:1      | Reached XP level 1. HP: 19/19 MP: 1/1
   132 | D:1      | Reached skill level 3 in Axes
   196 | D:1      | Reached XP level 2. HP: 26/26 MP: 2/2
   284 | D:1      | Reached skill level 4 in Axes
   996 | D:2      | Reached XP level 3. HP: 31/31 MP: 3/3
  1103 | D:2      | Reached skill level 5 in Axes
  1429 | D:2      | Reached XP level 4. HP: 37/39 MP: 4/4
  2090 | D:3      | Reached skill level 6 in Axes
  2616 | D:4      | Noticed an ogre
  2710 | D:4      | Found a staircase to the Ecumenical Temple.
  2717 | D:4      | Slain by an ogre

Illustrated notes

Levels and vault maps discovered:
D:1:      lightli_arrival_farm, layout_loops_cross, serial_bayou_pond_c,
          minmay_crystal_room
D:2:      layout_basic, kennysheep_generic_room_15
D:3:      layout_basic, serial_park_tiny_2
D:4:      minmay_polygon_palace, layout_loops_ring,
          minmay_temple_entry_large_hall, serial_shops,
          nicolae_shop_behind_doors, chequers_serial_rivers_micro_d

Skill      XL: |  1  2  3  4 |
---------------+-------------+-----
Axes           | 3 4 5 6 |  6.5
Fighting       | |  3.6
Armour         | |  3.2
Shields        | |  3.2

Action                   |  1- 3 |  4- 6 || total
-------------------------+-------+-------++-------
Melee: War axe           |   119 |    56 ||   175
  Use: Potion            |       |     1 ||     1
Armor: Scale mail        |    51 |    25 ||    76
Dodge: Dodged            |    44 |    19 ||    63
Block: Kite shield       |    59 |    34 ||    93

Table legend: (Time is in decaauts)
 A = Elapsed time spent in this place.
 B = Non-inter-level travel time spent in this place.
 C = Inter-level travel time spent in this place.
 D = Time resting spent in this place.
 E = Time spent auto-exploring this place.
 F = Levels seen in this place.
 G = Mean time per level.
                   A        B        C        D        E       F      G
               +--------+--------+--------+--------+--------+-----+--------+
         Total |   2834 |   2762 |     72 |    119 |   2174 |   4 |  708.5 |
       Dungeon |   2834 |   2762 |     72 |    119 |   2174 |   4 |  708.5 |
               +--------+--------+--------+--------+--------+-----+--------+

Top non-repeatable levels by time:
     D:2: 1065 daAuts
     D:1: 999 daAuts
     D:3: 614 daAuts
     D:4: 155 daAuts
